 Dungeon Crawl Stone Soup version 0.22.1-1-ga44c0e5 (webtiles) character file.

52955 joejoepie the Fighter (level 14, -8/153 HPs)
             Began as an Ogre Berserker on Oct 24, 2018.
             Was a High Priest of Trog.
             Mangled by a sun demon (19 damage)
             ... summoned by an orc high priest
             ... on level 2 of the Orcish Mines.
             The game lasted 01:17:26 (21027 turns).

joejoepie the Fighter (Ogre Berserker)             Turns: 21027, Time: 01:17:27

Health: -8/153     AC: 10    Str: 28      XL:     14   Next: 66%
Magic:  4/4        EV: 14    Int:  8      God:    Trog [*****.]
Gold:   1292       SH: 11    Dex:  9 (10) Spells: 13/13 levels left

rFire    . . .     SeeInvis .   R - +5 flail (antimagic)
rCold    . . .     Gourm    .   t - +0 shield
rNeg     + . .     Faith    .   L - +2 animal skin
rPois    .         Spirit   .   (helmet restricted)
rElec    .         Reflect  .   m - +2 cloak
rCorr    .         Harm     .   (gloves unavailable)
MR       +....                  (boots unavailable)
Stlth    ++++......             (no amulet)
HPRegen  0.35/turn              s - ring of positive energy
MPRegen  0.09/turn              O - ring of stealth

@: no status effects
A: large, unfitting armour, molten scales 1, agile 1, deterioration 1, tough
skin 1, wild magic 1
a: Berserk, Trog's Hand, Brothers in Arms, Renounce Religion


You were on level 2 of the Orcish Mines.
You worshipped Trog.
Trog was extremely pleased with you.
You were hungry.

You visited 3 branches of the dungeon, and saw 19 of its levels.

You collected 1796 gold pieces.
You spent 504 gold pieces at shops.

Inventory:

Hand Weapons
 a - the +8 whip "Snakebite" {curare, rPois}
   (You found it on level 4 of the Dungeon)

   It poisons the flesh of those it strikes.
   It protects you from poison.
 b - a +0 hunting sling of flaming
 u - a +2 morningstar of holy wrath
 v - a +8 scythe of venom
 x - a +3 quarterstaff of chaos
 y - a +2 eveningstar of protection
 R - a +5 antimagic flail (weapon)
Missiles
 e - 419 stones
 l - 12 tomahawks (quivered)
 F - 107 sling bullets
Armour
 m - a +2 cloak (worn)
 t - a +0 shield (worn)
 L - a +2 animal skin (worn)
Magical Staves
 q - an uncursed staff of earth {unknown}
Jewellery
 g - an uncursed ring of wizardry
 s - a ring of positive energy (left hand)
 O - a ring of stealth (right hand)
Wands
 r - a wand of paralysis (13)
 A - a wand of disintegration (16)
 B - a wand of clouds (5)
 C - a wand of flame (22)
 E - a wand of acid (6)
 G - a wand of iceblast (15)
 J - a wand of random effects (17)
Scrolls
 f - 3 scrolls of remove curse
 k - 3 scrolls of blinking
 n - 4 scrolls of enchant armour
 o - 3 scrolls of fear
 z - 11 scrolls of teleportation
 D - 11 scrolls of identify
 H - a scroll of amnesia {unknown}
 I - a scroll of immolation
 M - a scroll of magic mapping
 N - 3 scrolls of enchant weapon
Potions
 j - 2 potions of might
 p - 3 potions of agility
 w - a potion of ambrosia
 K - a potion of magic {unknown}
 Q - a potion of curing
Miscellaneous
 d - a lamp of fire
 h - a box of beasts
 i - a lightning rod (4/4)
 P - a fan of gales
Comestibles
 c - 17 rations


   Skills:
 + Level 13.6 Fighting
   Level 1.0(9.2) Axes
 + Level 12.8 Maces & Flails
 + Level 2.6(4.3) Slings
 + Level 7.1(7.5) Throwing
 + Level 10.4 Dodging
 + Level 6.9 Stealth
 + Level 9.0 Shields
 + Level 0.6 Evocations


You had 13 spell levels left.
You didn't know any spells.
Your spell library was empty.

Dungeon Overview and Level Annotations

Branches:
Dungeon (13/15)            Temple (0/1) D:4            Lair (4/6) D:8
    Orc (2/2) D:9             Elf (0/3) Orc:2
  Swamp: Lair:2-4    Shoals: Lair:2-4     Snake: Lair:2-4    Spider: Lair:2-4
 Vaults: D:13-14

Altars:
Hepliaklqana
Nemelex Xobeh
Qazlal
Xom
The Shining One
Beogh

Shops:
Orc:2 :[(*

Annotations:
D:10 exclusion: orange crystal statue
Orc:2 Azrael


Innate Abilities, Weirdness & Mutations

You are too large for most types of armour.
You have tough skin. (AC +1)
You are partially covered in molten scales. (AC +2)
You are agile. (Dex +2)
Your body sometimes deteriorates upon taking damage.
Your spells are a little harder to cast, but a little more powerful.


Message History

Strange energies course through your body.
The sun demon hits you!
Your body deteriorates!
You feel clumsy.
You are engulfed in flames!
* * * LOW HITPOINT WARNING * * *
The neqoxec gestures at you.
Something tries to feed on your intellect!
You sock the orc high priest!
The orc high priest is severely wounded.
The sun demon hits you!
* * * LOW HITPOINT WARNING * * *
You are engulfed in flames!
* * * LOW HITPOINT WARNING * * *
The orc high priest closely misses you.
You hit the orc high priest but do no damage.
The orc high priest is severely wounded.
The sun demon hits you.
* * * LOW HITPOINT WARNING * * *
You are engulfed in flames!!
You die...

........##... ##.#.....##... .
......#...## ### #.......# #...
.........#.###.####.#....###...
.................#.)......#...#
.......(#...P...(......#.#.....
.....#.#..P......#.....####.#.#
... #..#............#....#...#.
............)33...........#....
........P...o@.P..............
............∩..................
.............8.P.....P.PPP.....
.........P((...................
......#.........#.............
.....#..........##.P...∩......
##.#.....###............#
#####.####....P.....PP.# ##
##......8....##


You could see an orc high priest, a sun demon and a neqoxec.

Vanquished Creatures
  Rupert (Orc:2)
  An orc warlord (Orc:2)
  A stone giant (Orc:2)
  Snorg (D:10)
  Josephine (D:9)
  Erolcha (Orc:1)
  5 centaur warriors (D:13)
  6 hydras
  A catoblepas (D:13)
  6 two-headed ogres
  Erica (Orc:1)
  3 orc high priests (Orc:2)
  Nergalle (D:10)
  3 skeletal warriors (D:12)
  An unseen horror (D:12)
  Pikel (D:7)
  2 orc sorcerers (Orc:2)
  An ugly thing (D:12)
  3 deep elf magi (D:10)
  A manticore (D:11)
  Maurice (D:12)
  2 cyclopes
  4 spiny frogs
  Joseph (D:10)
  A centaur zombie (D:13)
  2 black mambas
  3 komodo dragons
  A kobold demonologist (D:13)
  3 meliai
  10 trolls
  4 hippogriffs
  Sigmund (D:3)
  A wyvern (D:8)
  A vampire (D:12)
  A fire elemental (Orc:1)
  5 wraiths
  32 yaks
  3 basilisks
  Grum (D:8)
  A hungry ghost (D:7)
  5 wargs (Orc:2)
  An acid dragon (D:12)
  4 water moccasins
  7 porcupines
  A hell hound (Orc:2)
  3 black bears
  22 orc warriors
  2 phantoms
  11 ogres
  A sky beast (D:9)
  2 ice beasts
  A necrophage (D:6)
  An eye of draining (D:12)
  6 wolves
  14 centaurs
  5 crocodiles
  10 bullfrogs
  8 scorpions
  A water moccasin skeleton (D:7)
  6 killer bees (D:11)
  12 wights
  An electric eel (D:10)
  7 crimson imps
  2 howler monkeys (D:7)
  2 bullfrog zombies
  Crazy Yiuf (D:3)
  5 hounds
  5 jellies
  11 orc priests
  A centaur skeleton (D:7)
  19 orc wizards
  3 iguanas
  Natasha (D:3)
  9 worker ants
  2 hound skeletons
  9 adders
  4 shadow imps
  An ooze (D:1)
  2 adder zombies
  2 adder skeletons
  2 worms
  2 dart slugs (D:1)
  7 leopard geckos
  65 orcs
  2 ball pythons
  8 bats
  5 giant cockroaches
  9 goblins
  3 hobgoblins
  7 jackals
  4 quokkas
  3 frilled lizards
  A giant cockroach zombie (D:5)
  10 kobolds
  A quokka skeleton (D:4)
  11 rats
469 creatures vanquished.

Vanquished Creatures (collateral kills)
  A fungus (Lair:3)
1 creature vanquished.

Vanquished Creatures (others)
  A vampire (D:13)
  A leopard gecko (D:10)
  A bush (D:8)
  16 fungi
  13 plants (D:8)
32 creatures vanquished.

Grand Total: 502 creatures vanquished

Notes
Turn   | Place    | Note
-------+----------+-------------------------------------------
     0 | D:1      | joejoepie the Ogre Berserker began the quest for the Orb.
     0 | D:1      | Reached XP level 1. HP: 24/24 MP: 1/1
    84 | D:1      | Reached XP level 2. HP: 29/32 MP: 2/2
   516 | D:1      | Reached ** piety under Trog
   516 | D:1      | Reached XP level 3. HP: 37/40 MP: 3/3
  1429 | D:2      | Reached XP level 4. HP: 47/49 MP: 4/4
  1792 | D:3      | Noticed Sigmund
  1819 | D:4      | Reached *** piety under Trog
  2035 | D:4      | Found a staircase to the Ecumenical Temple.
  2132 | D:4      | Reached XP level 5. HP: 47/55 MP: 5/5
  2146 | D:4      | Found the +8 whip "Snakebite" {curare, rPois}
  2183 | D:4      | Noticed an orc warrior
  2200 | D:4      | Reached skill level 1 in Stealth
  2228 | D:4      | Killed an orc warrior
  2228 | D:4      | Reached skill level 5 in Fighting
  2228 | D:4      | Reached skill level 1 in Axes
  2228 | D:4      | Reached XP level 6. HP: 20/66 MP: 6/6
  2949 | D:4      | Reached XP level 7. HP: 72/72 MP: 7/7
  3152 | D:3      | Killed Sigmund
  3152 | D:3      | Reached skill level 5 in Maces & Flails
  3152 | D:3      | Reached skill level 1 in Slings
  3264 | D:3      | Found a runed door.
  3268 | D:3      | Noticed Crazy Yiuf
  3273 | D:3      | Killed Crazy Yiuf
  3315 | D:3      | Noticed Natasha
  3327 | D:3      | Killed Natasha
  3327 | D:3      | Reached skill level 6 in Fighting
  3536 | D:5      | Entered Level 5 of the Dungeon
  3536 | D:5      | Found a stormy altar of Qazlal.
  3758 | D:5      | Reached **** piety under Trog
  3804 | D:5      | Reached XP level 8. HP: 45/84 MP: 8/8
  4097 | D:5      | Found a shimmering altar of Xom.
  5111 | D:7      | Reached skill level 5 in Dodging
  5111 | D:7      | Reached skill level 1 in Shields
  5129 | D:7      | Reached skill level 7 in Fighting
  5239 | D:7      | Noticed Pikel
  5248 | D:7      | Killed Pikel
  5248 | D:7      | Reached XP level 9. HP: 84/93 MP: 9/9
  5311 | D:7      | Reached ***** piety under Trog
  5430 | D:7      | Received a gift from Trog
  6169 | D:8      | Reached skill level 8 in Fighting
  6179 | D:8      | Found a staircase to the Lair.
  6538 | D:8      | Reached XP level 10. HP: 60/104 MP: 10/10
  6842 | D:8      | Noticed Grum
  7148 | D:8      | Killed Grum
  7624 | D:9      | Found a staircase to the Orcish Mines.
  7657 | D:9      | Reached skill level 9 in Fighting
  8447 | Orc:1    | Entered Level 1 of the Orcish Mines
  8447 | Orc:1    | Noticed a two-headed ogre
  8448 | Orc:1    | Noticed Josephine
  8688 | D:9      | Killed a two-headed ogre
  8688 | D:9      | Reached skill level 10 in Maces & Flails
  8691 | D:9      | Reached skill level 1 in Throwing
  8916 | D:10     | Entered Level 10 of the Dungeon
  8929 | D:10     | Reached XP level 11. HP: 98/115 MP: 11/11
  8962 | D:10     | Noticed Joseph
  8976 | D:10     | Killed Joseph
  9022 | D:10     | Received a gift from Trog
  9801 | D:10     | Noticed an orange crystal statue
  9951 | D:10     | Noticed a deep elf mage
 10066 | D:11     | Received a gift from Trog
 10133 | D:11     | Reached skill level 10 in Fighting
 10419 | D:11     | Noticed a two-headed ogre
 10459 | D:11     | Noticed a manticore
 10594 | Lair:1   | Entered Level 1 of the Lair of Beasts
 10764 | Lair:1   | Noticed a five-headed hydra
 10847 | Lair:1   | Gained mutation: You are partially covered in molten
                  | scales. (AC +2) [potion of mutation]
 10847 | Lair:1   | Gained mutation: You are agile. (Dex +2) [potion of
                  | mutation]
 10847 | Lair:1   | Gained mutation: Your spells are a little harder to cast,
                  | but a little more powerful. [potion of mutation]
 10885 | Lair:2   | Noticed a five-headed hydra
 10971 | D:9      | Killed Josephine
 10973 | D:9      | Reached skill level 5 in Stealth
 11336 | Orc:1    | Noticed a two-headed ogre
 11402 | Orc:1    | Killed a two-headed ogre
 11402 | Orc:1    | Reached skill level 5 in Shields
 11417 | Orc:1    | Noticed Erolcha
 11438 | Orc:1    | Killed Erolcha
 11460 | Orc:1    | Noticed Erica
 11469 | Orc:1    | Killed Erica
 11471 | Orc:1    | Found a roughly hewn altar of Beogh.
 11604 | Orc:1    | Found a roughly hewn altar of Beogh.
 11696 | Orc:1    | Reached XP level 12. HP: 120/128 MP: 12/12
 11938 | Orc:2    | Entered Level 2 of the Orcish Mines
 11995 | Orc:2    | Noticed an orc high priest
 12006 | Orc:2    | Killed an orc high priest
 12132 | Orc:2    | Reached skill level 11 in Fighting
 12300 | Orc:2    | Found Teumep's Book Shop.
 12362 | Orc:2    | Noticed Rupert
 12364 | Orc:2    | Paralysed by Rupert for 5 turns
 12404 | Orc:2    | Killed Rupert
 12462 | Orc:2    | Noticed an orc high priest
 12470 | Orc:2    | Killed an orc high priest
 12497 | Orc:2    | Found Zyodghog's Antique Armour Shoppe.
 12512 | Orc:2    | Noticed an orc high priest
 12516 | Orc:2    | Noticed a sun demon
 12540 | Orc:2    | Noticed a soul eater
 12633 | Orc:2    | Paralysed by an orc sorcerer for 6 turns
 12642 | Orc:2    | Killed an orc high priest
 12642 | Orc:2    | Received a gift from Trog
 12764 | Orc:2    | Noticed a stone giant
 12809 | Orc:2    | Killed a stone giant
 12809 | Orc:2    | Reached skill level 5 in Throwing
 13148 | Orc:2    | Noticed Azrael
 13400 | Lair:1   | Killed a five-headed hydra
 13478 | Lair:1   | Found a hazy altar of Hepliaklqana.
 13491 | Lair:1   | Reached XP level 13. HP: 106/139 MP: 13/13
 13784 | Lair:2   | Found a sparkling altar of Nemelex Xobeh.
 14222 | Lair:2   | Reached skill level 12 in Fighting
 15046 | Lair:3   | Reached ****** piety under Trog
 15735 | D:10     | Noticed Snorg
 15767 | D:10     | Killed Snorg
 16003 | D:10     | Noticed Nergalle
 16017 | D:10     | Killed Nergalle
 16179 | D:10     | Received a gift from Trog
 16183 | D:10     | Found a glowing golden altar of the Shining One.
 16690 | D:11     | Received a gift from Trog
 17835 | D:12     | Reached XP level 14. HP: 42/150 MP: 14/14
 18204 | D:12     | Noticed Maurice
 18212 | D:12     | Killed Maurice
 18232 | D:12     | Reached skill level 10 in Dodging
 18479 | D:12     | Reached skill level 13 in Fighting
 19260 | D:13     | Received a gift from Trog
 20856 | Orc:2    | Found a staircase to the Elven Halls.
 20910 | Orc:2    | Found Toasul's General Store.
 20918 | Orc:2    | Bought a scroll of identify for 24 gold pieces
 20918 | Orc:2    | Bought a lamp of fire for 480 gold pieces
 20934 | Orc:2    | Found Nevoetir's Antique Weapon Boutique.
 20958 | Orc:2    | Noticed an orc warlord
 20994 | Orc:2    | Killed an orc warlord
 21007 | Orc:2    | Paralysed by an orc sorcerer for 6 turns
 21020 | Orc:2    | Gained mutation: Your body sometimes deteriorates upon
                  | taking damage. [a neqoxec]
 21027 | Orc:2    | Mangled by a sun demon

Skill      XL: |  1  2  3  4  5  6  7  8  9 10 11 12 13 14 |
---------------+-------------------------------------------+-----
Maces & Flails | 3 4 5 7 8 10 11 12 | 12.8
Dodging        | 3 4 5 6 7 8 9 10 | 10.4
Stealth        | 1 2 3 4 5 6 |  6.9
Fighting       | 5 6 7 8 9 10 11 12 13 | 13.6
Axes           | 1 |  1.0
Slings         | 1 2 |  2.6
Shields        | 1 2 3 5 6 8 9 |  9.0
Throwing       | 1 3 5 6 7 |  7.1
Evocations     | |  0.6

Action                   |  1- 3 |  4- 6 |  7- 9 | 10-12 | 13-15 || total
-------------------------+-------+-------+-------+-------+-------++-------
Melee: Mace              |    90 |    45 |       |       |       ||   135
       War axe           |    12 |       |       |       |       ||    12
       Whip              |       |    57 |   225 |   543 |   638 ||  1463
       Flail             |       |       |       |       |   119 ||   119
 Fire: Hunting sling     |       |     4 |    10 |     5 |       ||    19
Throw: Tomahawk          |     1 |       |     2 |    69 |    61 ||   133
       Stone             |       |       |       |       |     2 ||     2
Invok: Berserk           |       |       |     3 |     5 |     5 ||    13
Evoke: Wand              |       |       |       |       |     1 ||     1
       Fan of gales      |       |       |       |       |     1 ||     1
  Use: Potion            |     2 |     1 |     4 |     4 |     3 ||    14
       Scroll            |     1 |     5 |     6 |     6 |     5 ||    23
 Stab: Sleeping          |       |     1 |     3 |     6 |    14 ||    24
       Invisible         |       |       |     1 |     1 |       ||     2
  Eat: Chunk             |     2 |     5 |    14 |    12 |    19 ||    52
       Ration            |       |       |     1 |     5 |     2 ||     8
Armor: Animal skin       |    28 |    29 |    35 |    72 |   131 ||   295
Dodge: Dodged            |    50 |    52 |    48 |   142 |   277 ||   569
Block: Shield            |       |       |    35 |   166 |   339 ||   540
